 Dungeon Crawl Stone Soup version 0.17.0-56-gd8de76c (webtiles) character file.

1397 lucasterio the Destroyer (level 8, -3/46 HPs)
             Began as a High Elf Wizard on Dec 4, 2015.
             Was an Initiate of Sif Muna.
             Shot with an arrow by a centaur (12 damage)
             ... on level 6 of the Dungeon.
             The game lasted 00:44:52 (7629 turns).

lucasterio the Destroyer (High Elf Wizard)          Turns: 7629, Time: 00:44:52

Health: -3/46      AC:  7    Str:  6    XL:     8   Next: 41%
Magic:  13/19      EV: 13    Int: 23    God:    Sif Muna [......]
Gold:   280        SH:  0    Dex: 15    Spells: 5 memorised, 12 levels left

rFire  . . .     SeeInvis .     i - +0 dagger
rCold  . . .     Clarity  .     a - +0 robe
rNeg   . . .     SustAt   .     (no shield)
rPois  +         Gourm    .     b - +0 hat
rElec  .         Spirit   .     t - +2 cloak
rCorr  .         Warding  .     w - +0 pair of gloves
rMut   .         Stasis   .     E - +0 pair of boots
MR     +....                    (no amulet)
Stlth  ++........               s - ring of poison resistance
                                e - ring of protection from magic

@: somewhat resistant to hostile enchantments, unstealthy
A: no striking features
a: Renounce Religion


You were on level 6 of the Dungeon.
You worshipped Sif Muna.
Sif Muna was noncommittal.
You were not hungry.

You visited 2 branches of the dungeon, and saw 7 of its levels.
You also visited: Sewer.

You collected 280 gold pieces.

Inventory:

Hand Weapons
 i - a +0 dagger (weapon)
 C - a +2 flail of protection
 D - a cursed -2 dagger
Armour
 a - a +0 robe (worn)
 b - a +0 hat (worn)
 t - a +2 cloak (worn)
 w - a +0 pair of gloves (worn)
 E - a +0 pair of boots (worn)
Jewellery
 e - a ring of protection from magic (left hand)
 s - a ring of poison resistance (right hand)
 u - an uncursed ring of fire {unknown}
 N - a +1 ring of protection {unknown}
Wands
 n - a wand of random effects (35)
 A - a wand of flame (30)
 F - a wand of flame (22)
 U - a wand of confusion (26)
Scrolls
 g - a scroll of enchant armour {unknown}
 j - a scroll of blinking {unknown}
 l - 5 scrolls of remove curse {unknown}
 p - 3 scrolls of amnesia {unknown}
 q - 4 scrolls of immolation {unknown}
 r - 3 scrolls of identify {unknown}
 x - 2 scrolls of noise {unknown}
 y - 3 scrolls of fear {unknown}
 J - 2 scrolls of teleportation {unknown}
 Q - 2 scrolls of fog {unknown}
 T - a scroll of torment {unknown}
 V - a scroll of magic mapping {unknown}
Potions
 h - 2 potions of resistance {unknown}
 k - 7 potions of curing {unknown}
 o - 3 potions of degeneration {unknown}
 v - 4 potions of heal wounds {unknown}
 z - a potion of brilliance {unknown}
 B - a potion of might {unknown}
 H - 3 potions of mutation {unknown}
 I - a potion of flight {unknown}
 K - a potion of lignification {unknown}
 L - 3 potions of poison {unknown}
 M - a potion of invisibility {unknown}
Books
 c - a book of Minor Magic

   Spells                             Type                      Level
   a - Magic Dart                     Conjuration                  1
   b - Blink                          Translocation                2
   c - Call Imp                       Summoning                    2
   d - Repel Missiles                 Charms/Air                   2
   e - Slow                           Hexes                        2
   f - Conjure Flame                  Conjuration/Fire             3
   g - Mephitic Cloud                 Conjuration/Poison/Air       3
 G - a book of Party Tricks

   Spells                             Type                      Level
   a - Summon Butterflies             Summoning                    1
   b - Apportation                    Translocation                1
   c - Tukima's Dance                 Hexes                        3
   d - Alistair's Intoxication        Transmutation/Poison         4
   e - Invisibility                   Hexes                        6
Comestibles
 d - 3 bread rations
 f - a slice of pizza
 m - 5 fruits
 O - a royal jelly
 P - 4 meat rations
 R - a beef jerky
 S - 2 chunks of flesh


   Skills:
 * Level 2.8 Dodging
 - Level 2.1 Stealth
 + Level 7.0 Spellcasting
 + Level 8.2 Conjurations
 - Level 3.0 Summonings
 - Level 3.0 Translocations


You had 12 spell levels left.
You knew the following spells:

 Your Spells              Type           Power        Failure   Level  Hunger
a - Magic Dart            Conj           ####         1%          1    None
b - Blink                 Tloc           N/A          3%          2    None
c - Call Imp              Summ           ###.....     3%          2    None
d - Mephitic Cloud        Conj/Pois/Air  ###.....     10%         3    None
e - Summon Butterflies    Summ           ###.....     2%          1    None


Dungeon Overview and Level Annotations

Branches:
Dungeon (6/15)             Temple (1/1) D:6

Altars:
Ashenzari
Elyvilon
Gozag
Kikubaaqudgha
Nemelex Xobeh
Okawaru
Ru
Sif Muna
Trog
Vehumet
Yredelemnul
Zin
The Shining One


Message History

You see here an arrow.
Casting: Summon Butterflies
Confirm with . or Enter, or press ? or * to list all spells.
The centaur wields a shortbow.
The centaur shoots an arrow.
The arrow completely misses you.
The centaur shoots an arrow.
The arrow hits you but does no damage.
You see here 2 arrows.
The centaur shoots an arrow.
The arrow completely misses your butterfly. x2
The arrow hits you.
* * * LOW HITPOINT WARNING * * *
Something misses your butterfly.
You see here an arrow.
Your butterfly disappears in a puff of smoke! x2
The centaur shoots an arrow.
The arrow hits you but does no damage.
You see here an arrow.
Your butterfly disappears in a puff of smoke!
A hound comes into view.
The centaur shoots an arrow.
The arrow hits you!
You die...

.........######........o(bbb..#
...##..#.##.......b...#(####b.###
.#####..5Z.....b.b.c.###.# #..ob.
.#..8#.#.##......b(...#.## #.####
...._#.#.######..b((...## #.#
.#..8#...# #.b(###### #)#
######.### #...# #.. #.### #...#
... #.# ##@## ## ## #.# ........#
.# #.# .#####..# .###.# .... #
.....# .#.#. .##### ..h. .. .# #.
.. .. .# .......#. ## ....l. #


You could see a centaur and a hound (wandering).

Vanquished Creatures
  An ice beast (D:5)
  A black bear (D:6)
  2 phantoms
  3 ogres
  A big kobold (Sewer)
  2 crimson imps
  A giant frog zombie (D:6)
  3 hounds
  Terence (D:2)
  4 iguanas
  5 worker ants
  Robin (D:2)
  6 adders
  A shadow imp (D:5)
  3 oozes
  An adder zombie (D:5)
  3 worms
  4 giant geckos
  6 orcs
  6 bats
  13 giant cockroaches
  8 hobgoblins
  9 kobolds
  2 quokkas
  3 ball pythons
  13 giant newts
  19 goblins
  2 goblin skeletons (D:4)
  A goblin zombie (D:4)
  4 hobgoblin zombies (D:4)
  A kobold zombie (D:4)
  3 quokka skeletons
  7 rats
140 creatures vanquished.

Vanquished Creatures (collateral kills)
  Purgy (Sewer)
  4 orcs (D:3)
5 creatures vanquished.

Grand Total: 145 creatures vanquished

Notes
Turn   | Place    | Note
--------------------------------------------------------------
     0 | D:1      | lucasterio the High Elf Wizard began the quest for the Orb.
     0 | D:1      | Reached XP level 1. HP: 11/11 MP: 6/6
   219 | D:1      | You fall through a shaft!
   219 | D:2      | Found a glowing silver altar of Zin.
   219 | D:2      | Found a bloodstained altar of Trog.
   219 | D:2      | Found a shattered altar of Ashenzari.
   259 | D:2      | Found a sparkling altar of Nemelex Xobeh.
   272 | D:2      | Reached XP level 2. HP: 15/17 MP: 3/7
   527 | D:1      | Reached skill level 4 in Spellcasting
   723 | D:1      | Reached XP level 3. HP: 21/21 MP: 4/9
  1635 | D:2      | Noticed Terence
  1815 | D:1      | Learned a level 2 spell: Blink
  1818 | D:1      | Learned a level 2 spell: Call Imp
  1822 | D:1      | Learned a level 3 spell: Mephitic Cloud
  2034 | D:2      | Noticed Robin
  2064 | D:2      | Reached XP level 4. HP: 15/27 MP: 3/11
  2118 | D:2      | Killed Robin
  2581 | D:2      | Killed Terence
  2858 | D:3      | Found a radiant altar of Vehumet.
  2882 | D:3      | Learned a level 1 spell: Summon Butterflies
  3092 | D:3      | Reached XP level 5. HP: 31/31 MP: 8/13
  3696 | D:3      | Reached skill level 5 in Spellcasting
  3879 | D:4      | Found a glowing golden altar of the Shining One.
  4002 | D:4      | Reached skill level 5 in Conjurations
  4285 | D:4      | Noticed a phantom
  4298 | D:4      | Killed a phantom
  4298 | D:4      | Reached XP level 6. HP: 25/36 MP: 1/15
  4533 | D:4      | Found a bloodstained altar of Trog.
  4591 | D:4      | Reached skill level 6 in Conjurations
  4688 | D:4      | Noticed an ogre
  4735 | D:4      | Killed an ogre
  4735 | D:4      | Reached skill level 1 in Summonings
  4805 | D:4      | Reached XP level 7. HP: 41/41 MP: 8/16
  4972 | D:5      | Entered Level 5 of the Dungeon
  4990 | D:5      | Found a glowing drain.
  5049 | Sewer    | Entered a sewer
  5130 | Sewer    | Noticed Purgy
  5257 | Sewer    | Killed Purgy
  5369 | D:5      | Reached skill level 7 in Conjurations
  5857 | D:5      | Reached XP level 8. HP: 26/46 MP: 0/18
  6640 | D:6      | Found an opulent altar of Gozag.
  6899 | D:6      | Noticed a centaur skeleton
  7074 | D:6      | Found an ancient bone altar of Kikubaaqudgha.
  7244 | D:6      | Reached skill level 8 in Conjurations
  7345 | D:6      | Found a staircase to the Ecumenical Temple.
  7351 | Temple   | Entered the Ecumenical Temple
  7462 | Temple   | Became a worshipper of Sif Muna the Loreminder
  7629 | D:6      | Shot with an arrow by a centaur

Action                   |  1- 3 |  4- 6 |  7- 9 || total
-------------------------+-------+-------+-------++-------
Melee: Unarmed           |    18 |       |       ||    18
       Dagger            |    31 |    69 |    19 ||   119
 Cast: Magic Dart        |   108 |   196 |   186 ||   490
       Call Imp          |     1 |     8 |    11 ||    20
       Summon Butterflie |       |     5 |     5 ||    10
 Stab: Distracted        |       |       |     1 ||     1
  Eat: Chunk             |     2 |     9 |     8 ||    19
       Beef jerky        |       |       |     1 ||     1
